 Dungeon Crawl Stone Soup version 0.24-a0-769-g368c1644f8 (webtiles) character file.

Game seed: 4766058656117225599, levelgen mode: deterministic

10929 Conn the Covert (level 11, -4/67 HPs)
             Began as an Octopode Fire Elementalist on Oct 6, 2019.
             Was an Elder of Sif Muna.
             Slain by a blink frog (14 damage)
             ... on level 1 of the Lair of Beasts.
             The game lasted 00:51:02 (12881 turns).

Conn the Covert (Octopode Fire Elementalist)       Turns: 12881, Time: 00:51:02

Health: -4/67      AC:  1    Str:  9    XL:     11   Next: 69%
Magic:  4/23       EV: 15    Int: 20    God:    Sif Muna [****..]
Gold:   415        SH:  0    Dex: 12    Spells: 5/26 levels left

rFire    . . .     SeeInvis .   a - +1 dagger (venom)
rCold    . . .     Gourm    .   (no shield)
rNeg     . . .     Faith    .   (helmet restricted)
rPois    +         Spirit   .   e - amulet of regeneration
rElec    .         Reflect  .   q - ring of poison resistance
rCorr    .         Harm     .   (no ring)
MR       .....                  (no ring)
Stlth    +++++.....             (no ring)
HPRegen  0.61/turn              (no ring)
MPRegen  0.18/turn              (no ring)
                                (no ring)
                                (no ring)

@: about to teleport, very slightly contaminated, invisible
A: almost no armour, stealthy swim, amphibious, 8 rings, constrict 8, camouflage
1, gelatinous body 1
a: Channel Magic, Forget Spell, Divine Exegesis, Renounce Religion


You were on level 1 of the Lair of Beasts.
You worshipped Sif Muna.
Sif Muna was greatly pleased with you.
You were hungry.

You visited 3 branches of the dungeon, and saw 12 of its levels.

You collected 415 gold pieces.

Inventory:

Hand Weapons
 a - a +1 dagger of venom (weapon)
 b - a +2 quarterstaff of chaos
 f - a +0 hunting sling
Missiles
 l - 2 throwing nets
 m - 29 sling bullets
 y - 8 atropa-tipped darts (quivered)
Jewellery
 e - an amulet of regeneration (around mantle)
 q - a ring of poison resistance (left tentacle)
 v - an uncursed ring of wizardry
 w - an uncursed amulet of guardian spirit
Wands
 s - a wand of disintegration (6)
 B - a wand of polymorph (8)
 C - a wand of flame (72)
Scrolls
 d - 4 scrolls of enchant weapon
 i - a scroll of enchant armour
 j - 3 scrolls of immolation
 n - 4 scrolls of remove curse
 o - a scroll of amnesia
 r - 2 scrolls of magic mapping
 u - 4 scrolls of identify
 z - 3 scrolls of teleportation
Potions
 c - a potion of agility
 h - a potion of ambrosia {unknown}
 k - 2 potions of flight
 x - 3 potions of curing
 A - a potion of brilliance
 D - a potion of cancellation
Comestibles
 t - 19 rations


   Skills:
 + Level 3.3 Fighting
 + Level 4.7 Short Blades
 + Level 4.8 Dodging
 - Level 10.6 Stealth
 * Level 8.2 Spellcasting
 * Level 7.9 Conjurations
 + Level 1.1 Hexes
 + Level 3.1 Summonings
 + Level 8.3 Fire Magic
 * Level 3.6 Invocations
 + Level 0.6 Evocations


You had 5 spell levels left.
You knew the following spells:

 Your Spells              Type           Power        Failure   Level  Hunger
a - Flame Tongue          Conj/Fire      #####        1%          1    None
b - Conjure Flame         Conj/Fire      #####...     1%          3    None
c - Inner Flame           Hex/Fire       ####....     3%          3    None
d - Sticky Flame          Conj/Fire      #####...     3%          4    ###....
e - Fireball              Conj/Fire      #####.....   9%          5    #####..
f - Call Imp              Summ           ###.....     3%          2    None
g - Summon Guardian Gole  Hex/Summ       ###.....     11%         3    None

Your spell library contained the following spells:

 Spells                   Type           Power        Failure   Level  Hunger
 Throw Flame              Conj/Fire      #####.       1%          2    None
 Summon Small Mammal      Summ           ###.         2%          1    None
 Stone Arrow              Conj/Erth      ###...       4%          3    None
 Corona                   Hex            ##.....      5%          1    None
 Call Canine Familiar     Summ           ###.....     7%          3    None
 Slow                     Hex            ##......     8%          2    None
 Sandblast                Erth           #.....       9%          1    None
 Passwall                 Tmut/Erth      #.......     13%         2    None
 Portal Projectile        Hex/Tloc       ##....       21%         3    None
 Summon Ice Beast         Ice/Summ       ##......     41%         4    ###....
 Summon Lightning Spire   Summ/Air       ##......     41%         4    ###....
 Cause Fear               Hex            ##........   45%         4    ###....
 Leda's Liquefaction      Hex/Erth       ##........   54%         4    ###....
 Petrify                  Tmut/Erth      #.......     63%         4    ###....
 Lee's Rapid Deconstruct  Erth           #.........   93%         5    #####..


Dungeon Overview and Level Annotations

Branches:
Dungeon (10/15)            Temple (1/1) D:4            Lair (1/6) D:10
    Orc (0/2) D:9

Altars:
Ashenzari
Cheibriados
Dithmenos
Elyvilon
Fedhas
Gozag
Hepliaklqana
Kikubaaqudgha
Makhleb
Nemelex Xobeh
Okawaru
Qazlal
Ru
Sif Muna
Trog
Uskayaw
Vehumet
Wu Jian
Xom
Yredelemnul
Zin
The Shining One

Shops:
D:8 [   D:10 *


Innate Abilities, Weirdness & Mutations

You cannot wear most types of armour.
You are very stealthy in the water. (Stealth+)
You are amphibious.
You can wear up to eight rings at the same time.
You can use your tentacles to constrict eight enemies at once.
Your skin changes colour to match your surroundings (Stealth+).
Your rubbery body absorbs attacks. (AC +1, EV +1)


Message History

Casting: Summon Guardian Golem (safe; 11% risk of failure)
Confirm with . or Enter, or press ? or * to list all spells.
Okay, then.
Unknown command.
Okay, then.
Okay, then.
You fade into invisibility!
The blink frog closely misses you. The blink frog completely misses you.
The blink frog barely misses you. The blink frog closely misses you.
The yak gores you. The wolf bites you.
You are very lightly contaminated with residual magic.
As you read the scroll of teleportation, it crumbles to dust.
You feel strangely unstable. The blink frog closely misses you.
The blink frog hits you! The blink frog misses you. The blink frog hits you!
* * * LOW HITPOINT WARNING * * *
The blink frog blinks!
The yak gores you.
* * * LOW HITPOINT WARNING * * *
The wolf misses you. The yak misses you. The blink frog closely misses you.
The blink frog hits you!
You die...

.... #####
####....
.....#
#.#.#..
......#.....#
.......#...#
..F...h.#
#.hFh###
#F@Y.P#
##FY..##
##Y8..##
##..#.##
###.F.##
##...#
#....##
##Y...#
###8#.##


You could see 3 yaks, 5 blink frogs, 3 wolves and a friendly guardian golem.

Vanquished Creatures
  A two-headed ogre (D:10)
  An unseen horror (D:10)
  A deep elf mage (D:10)
  Joseph (D:8)
  5 gargoyles (D:7)
  A komodo dragon (D:10)
  2 hippogriffs
  Sigmund (D:3)
  2 hogs (D:10)
  A wyvern (D:9)
  5 yaks
  A human (D:10)
  A hungry ghost (D:7)
  A steam dragon (D:7)
  A two-headed ogre zombie (D:9)
  2 water moccasins
  4 ice beasts
  2 black bears
  A necrophage (D:8)
  4 orc warriors
  7 ogres
  4 phantoms
  4 centaurs
  4 bullfrogs
  A wyvern zombie (D:10)
  A water moccasin zombie (D:6)
  3 scorpions
  5 troll zombies (D:9)
  3 electric eels (D:9)
  4 wights (D:10)
  4 howler monkeys
  3 crimson imps
  A bullfrog skeleton (D:5)
  A centaur skeleton (D:7)
  3 orc wizards
  2 orc priests (D:10)
  7 jellies
  Crazy Yiuf (D:3)
  5 iguanas
  8 worker ants
  2 ogre zombies (D:9)
  Robin (D:2)
  18 gnolls
  13 adders
  2 shadow imps
  2 oozes
  An adder skeleton (D:5)
  An adder zombie (D:9)
  A worm (D:4)
  4 dart slugs (D:1)
  6 leopard geckos
  14 orcs
  6 giant cockroaches
  15 goblins
  12 hobgoblins
  22 jackals
  A quokka (D:4)
  5 ball pythons
  6 bats
  4 frilled lizards
  A goblin skeleton (D:9)
  3 goblin zombies (D:9)
  2 hobgoblin skeletons (D:9)
  2 hobgoblin zombies (D:9)
  15 kobolds
  A leopard gecko zombie (D:6)
  2 orc skeletons (D:9)
  15 orc zombies (D:9)
  A quokka skeleton (D:4)
  10 rats
297 creatures vanquished.

Vanquished Creatures (collateral kills)
  A gnoll sergeant (D:9)
  A gnoll (D:9)
2 creatures vanquished.

Vanquished Creatures (others)
  A gargoyle (D:10)
1 creature vanquished.

Grand Total: 300 creatures vanquished

Notes
Turn   | Place    | Note
-------+----------+-------------------------------------------
     0 | D:1      | Conn the Octopode Fire Elementalist began the quest for the
                  | Orb.
     0 | D:1      | Reached XP level 1. HP: 11/11 MP: 3/3
   155 | D:1      | Reached XP level 2. HP: 17/17 MP: 3/5
   299 | D:1      | Reached skill level 3 in Stealth
   504 | D:1      | Reached XP level 3. HP: 20/21 MP: 0/6
  1539 | D:2      | Noticed Robin
  1568 | D:2      | Reached XP level 4. HP: 12/27 MP: 7/7
  1724 | D:2      | Learned a level 3 spell: Conjure Flame
  1728 | D:2      | Learned a level 3 spell: Inner Flame
  2903 | D:2      | Reached skill level 1 in Short Blades
  2959 | D:2      | Killed Robin
  2959 | D:2      | Reached XP level 5. HP: 16/31 MP: 6/8
  2963 | D:2      | Reached skill level 4 in Stealth
  3217 | D:3      | Noticed Sigmund
  3596 | D:3      | Found a glowing golden altar of the Shining One.
  3763 | D:3      | Killed Sigmund
  3763 | D:3      | Reached skill level 5 in Stealth
  3763 | D:3      | Reached XP level 6. HP: 37/37 MP: 6/9
  4100 | D:3      | Found a runed translucent door.
  4101 | D:3      | Noticed Crazy Yiuf
  4108 | D:3      | Killed Crazy Yiuf
  4404 | D:4      | Reached skill level 1 in Fighting
  4456 | D:4      | Reached skill level 6 in Stealth
  4456 | D:4      | Reached XP level 7. HP: 34/43 MP: 10/10
  4598 | D:4      | Found a staircase to the Ecumenical Temple.
  4607 | Temple   | Entered the Ecumenical Temple
  4713 | Temple   | Became a worshipper of Sif Muna the Loreminder
  5283 | D:4      | Reached skill level 7 in Stealth
  5616 | D:4      | Learned a level 4 spell: Sticky Flame
  5662 | D:5      | Entered Level 5 of the Dungeon
  6329 | D:6      | Reached XP level 8. HP: 49/49 MP: 1/12
  6611 | D:6      | Reached skill level 8 in Stealth
  7104 | D:6      | Reached * piety under Sif Muna
  7128 | D:6      | Reached skill level 5 in Fire Magic
  7730 | D:7      | Noticed a gargoyle
  7738 | D:7      | Killed a gargoyle
  7738 | D:7      | Reached XP level 9. HP: 54/54 MP: 10/15
  7743 | D:7      | Noticed a gargoyle
  7744 | D:7      | Killed a gargoyle
  7749 | D:7      | Noticed a gargoyle
  7751 | D:7      | Killed a gargoyle
  7753 | D:7      | Noticed a gargoyle
  7755 | D:7      | Killed a gargoyle
  7755 | D:7      | Reached skill level 9 in Stealth
  7755 | D:7      | Reached skill level 5 in Spellcasting
  7755 | D:7      | Reached skill level 5 in Conjurations
  7760 | D:7      | Noticed a gargoyle
  7762 | D:7      | Killed a gargoyle
  7851 | D:7      | Learned a level 5 spell: Fireball
  7854 | D:7      | Learned a level 2 spell: Call Imp
  7876 | D:7      | Reached skill level 1 in Summonings
  7897 | D:7      | Reached ** piety under Sif Muna
  7898 | D:7      | Reached XP level 10. HP: 59/60 MP: 0/18
  9166 | D:8      | Noticed Joseph
  9300 | D:9      | Reached skill level 10 in Stealth
  9308 | D:9      | Reached *** piety under Sif Muna
  9666 | D:7      | Learned a level 3 spell: Summon Guardian Golem
  9690 | D:8      | Found Igeorota's Antique Armour Shop.
 10119 | D:8      | Killed Joseph
 10576 | D:9      | Found a staircase to the Orcish Mines.
 10762 | D:9      | Reached skill level 1 in Hexes
 10781 | D:9      | Found a blossoming altar of Fedhas.
 10784 | D:9      | Reached skill level 1 in Invocations
 11366 | D:9      | Reached XP level 11. HP: 67/67 MP: 19/21
 11438 | D:10     | Entered Level 10 of the Dungeon
 11557 | D:10     | Found Noejijoj's General Store.
 11586 | D:10     | Noticed a deep elf mage
 11598 | D:10     | Killed a deep elf mage
 11603 | D:10     | Reached **** piety under Sif Muna
 12004 | D:10     | Found a staircase to the Lair.
 12036 | D:10     | Noticed a two-headed ogre
 12131 | D:10     | Killed a two-headed ogre
 12720 | D:10     | Noticed an unseen horror
 12722 | D:10     | Killed an unseen horror
 12839 | Lair:1   | Entered Level 1 of the Lair of Beasts
 12881 | Lair:1   | Slain by a blink frog

Levels and vault maps discovered:
D:1:      lightli_arrival_maybe_door_vault, layout_loops_ring
D:2:      layout_basic, serial_curves, eino_curves_03, eino_curves_04,
          minmay_3d_cube, uniq_robin
D:3:      layout_loops_ring, lemuel_coloured_pillars_altar, st_stairs_11,
          uniq_sigmund, uniq_crazy_yiuf_cottage
D:4:      layout_loops_cross, minmay_temple_entry_slanted, first_ration
D:5:      layout_layer_cave
D:6:      layout_basic
D:7:      cheibrodos_statue_roulette, layout_loops_ring
D:8:      layout_rooms, serial_shops,
          nicolae_shop_temple_entry_statues_fountains, uniq_joseph
D:9:      layout_basic, fedhas_altar_2, zombieorc2_lemuel
D:10:     layout_grid_maze, lair_entry_dummy, serial_shops,
          nicolae_shop_temple_entry_statues_fountains, grunt_livestock
Temple:   regret_index_temple_chain_breaker
Lair:1:   layout_concentric_octagons

Skill      XL: |  1  2  3  4  5  6  7  8  9 10 11 |
---------------+----------------------------------+-----
Stealth        | 3 5 6 7 8 9 10 | 10.6
Short Blades   | 1 2 3 4 |  4.7
Conjurations   | 2 4 5 6 7 |  7.9
Fire Magic     | 4 6 7 8 |  8.3
Fighting       | 1 2 3 |  3.3
Dodging        | 3 4 |  4.8
Spellcasting   | 3 4 5 7 8 |  8.2
Summonings     | 1 3 |  3.1
Hexes          | 1 |  1.1
Invocations    | 2 3 |  3.6
Evocations     | |  0.6

Action                   |  1- 3 |  4- 6 |  7- 9 | 10-12 || total
-------------------------+-------+-------+-------+-------++-------
Melee: Dagger            |    32 |   120 |   101 |   102 ||   355
       Constrict         |    10 |    28 |    19 |    14 ||    71
       Tentacles         |     7 |    15 |    20 |    12 ||    54
       Short sword       |     4 |       |       |       ||     4
 Cast: Flame Tongue      |    36 |    20 |   118 |   190 ||   364
       Conjure Flame     |       |     1 |     7 |    15 ||    23
       Inner Flame       |       |       |     1 |     5 ||     6
       Sticky Flame      |       |       |       |    26 ||    26
       Fireball          |       |       |       |    12 ||    12
       Summon Guardian G |       |       |       |    11 ||    11
       Call Imp          |       |       |       |     7 ||     7
Invok: Channel Magic     |       |       |       |     5 ||     5
Evoke: Wand              |       |     3 |       |     3 ||     6
  Use: Potion            |     4 |       |       |     6 ||    10
       Scroll            |     2 |       |     8 |     3 ||    13
 Stab: Sleeping          |     3 |    17 |    16 |    11 ||    47
       Distracted        |       |       |       |     1 ||     1
  Eat: Chunk             |     2 |     9 |    12 |    19 ||    42
       Ration            |       |       |       |     1 ||     1
Armor: Skin              |     3 |     6 |     2 |    18 ||    29
Dodge: Dodged            |    21 |    63 |    91 |   100 ||   275

Table legend:
 A = Non-vault XP
 B = Vault XP
 C = Vault XP percentage of total XP
 D = Non-vault monster count
 E = Vault monster count
 F = Vault count percentage of total count
                 A         B        C        D         E       F
            +---------+---------+-------+---------+---------+-------
      Total |   10900 |    4713 |  30.2 |     234 |      66 |  22.0
            +---------+---------+-------+---------+---------+-------
        D:1 |      52 |       0 |   0.0 |      26 |       0 |   0.0
        D:2 |      76 |      52 |  40.6 |      27 |      14 |  34.1
        D:3 |      74 |     270 |  78.5 |      20 |       5 |  20.0
        D:4 |     507 |       0 |   0.0 |      21 |       0 |   0.0
        D:5 |     157 |       0 |   0.0 |       9 |       0 |   0.0
        D:6 |     837 |       0 |   0.0 |      27 |       0 |   0.0
        D:7 |    1194 |    2022 |  62.9 |      21 |       5 |  19.2
        D:8 |     652 |     434 |  40.0 |      17 |       1 |   5.6
        D:9 |    2168 |     948 |  30.4 |      33 |      36 |  52.2
       D:10 |    4424 |     987 |  18.2 |      29 |       5 |  14.7
     Lair:1 |     759 |       0 |   0.0 |       4 |       0 |   0.0
            +---------+---------+-------+---------+---------+-------
